 Dungeon Crawl Stone Soup version 0.27.1 (webtiles) character file.

Game seed: 4020839927759302662

0 funkygono the Firebug (level 1, -8/10 HPs)
             Began as a Gargoyle Fire Elementalist on Aug 23, 2021.
             Mangled by a gnoll (9 damage)
             ... on level 1 of the Dungeon.
             The game lasted 00:00:32 (49 turns).

funkygono the Firebug (Gargoyle Fire Elementalist)    Turns: 49, Time: 00:00:33

Health: -8/10      AC:  4    Str: 11    XL:     1   Next: 10%
Magic:  0/3        EV: 11    Int: 15    God:
Gold:   0          SH:  0    Dex: 10    Spells: 3/4 levels left

rFire    . . .     SeeInvis .   (no weapon)
rCold    . . .     Faith    .   (no shield)
rNeg     + . .     Spirit   .   a - +0 robe
rPois    ∞         Reflect  .   (no helmet)
rElec    +         Harm     .   (no cloak)
rCorr    .         Rampage  .   (no gloves)
Will     .....                  (no boots)
Stlth    ++........             (no amulet)
HPRegen  0.03/turn              (no ring)
MPRegen  0.08/turn              (no ring)

@: no status effects
A: sickness immunity, AC +2, negative energy resistance 1, electricity
resistance, torment resistance 1, petrification resistance
a: no special abilities


You were on level 1 of the Dungeon.
You visited 1 branch of the dungeon, and saw 1 of its levels.

Inventory:

Armour
 a - a +0 robe (worn)


   Skills:
 + Level 1.5 Dodging
 - Level 2.1 Stealth
 * Level 2.0 Spellcasting
 * Level 1.1 Conjurations
 * Level 3.0 Fire Magic


You had 3 spell levels left.
You knew the following spells:

 Your Spells              Type           Power      Damage    Failure   Level
a - Foxfire               Conj/Fire      28%        2x1d5     10%         1

Your spell library contained the following spells:

 Spells                   Type           Power      Damage    Failure   Level
 Conjure Flame            Conj/Fire      7%         6-21      28%         3
 Inner Flame              Hex/Fire       6%         N/A       34%         3
 Sticky Flame             Conj/Fire      7%         2d3       67%         4
 Fireball                 Conj/Fire      3%         3d4       95%         5


Dungeon Overview and Level Annotations

Branches:
Dungeon (1/15)

Altars:


Innate Abilities, Weirdness & Mutations

You are immune to sickness and miasma.
Your stone body is resilient. (AC +2)
You are immune to poison.
You resist negative energy. (rN+)
You are resistant to electric shocks. (rElec)
You are resistant to unholy torment.
You are immune to petrification.


Message History

The foxfire hits the gnoll.
The gnoll is moderately wounded.
Unknown command.
A rat comes into view.
Casting: Foxfire (safe; 10% risk of failure)
Confirm with . or Enter, or press ? or * to list all spells.
You miscast Foxfire.
You are very lightly contaminated with residual magic.
Nothing appears to happen.
Casting: Foxfire (safe; 10% risk of failure)
Confirm with . or Enter, or press ? or * to list all spells.
You conjure some foxfire!
The gnoll closely misses you.
You hit the gnoll.
The gnoll is moderately wounded.
The foxfire hits the gnoll but does no damage.
The gnoll is moderately wounded.
The gnoll hits you with a +0 vampiric whip.
You hit the gnoll but do no damage.
The gnoll is moderately wounded.
The gnoll completely misses you.
Unknown command.
You hit the rat.
You kill the rat!
The gnoll barely misses you.
The gnoll hits you with a +0 vampiric whip!
Ouch! That really hurt!
* * * LOW HITPOINT WARNING * * *
The gnoll barely misses you.
Your magical contamination has completely faded away.
Casting: Foxfire (safe; 10% risk of failure)
Confirm with . or Enter, or press ? or * to list all spells.
You conjure some foxfire!
The gnoll hits you but does no damage.
The foxfire hits the gnoll.
The gnoll is severely wounded.
The foxfire hits the gnoll.
The gnoll is severely wounded.
There is a large open door here.
The gnoll hits you with a +0 vampiric whip!
Ouch! That really hurt!
You die...

###### ##....##
####### #.####.###
#...... #.8####'.#
#.##### #.#...#'.#
#.#
#.#.<..#.###.###.#
#.#...##.........#
#@#.#####.##^#####
#.g## #..........
#### #.#....####
#.###### #


You could see a gnoll.

Vanquished Creatures
  A rat (D:1)
1 creature vanquished.

Vanquished Creatures (others)
  5 foxfires (D:1)
5 creatures vanquished.

Grand Total: 6 creatures vanquished

Notes
Turn   | Place    | Note
-------+----------+-------------------------------------------
     0 | D:1      | funkygono the Gargoyle Fire Elementalist began the quest
                  | for the Orb.
     0 | D:1      | Reached XP level 1. HP: 10/10 MP: 3/3
    49 | D:1      | Mangled by a gnoll

Illustrated notes

Levels and vault maps discovered:
D:1:      saegor_arrival_simple_e, layout_basic, dk_noncrumbling_3

Action                   || total
-------------------------++-------
Melee: Unarmed           ||     3
 Cast: Foxfire           ||     3
Armor: Robe              ||     1
Dodge: Dodged            ||     4
